Vegas Golden Knights vs Pittsburgh Penguins
Created - Sunday, June 9, 2024 at 07:46
Goals
|
| Vegas Golden Knights |
1 |
0 |
1 |
2 |
| Pittsburgh Penguins |
1 |
2 |
1 |
4 |
|
Shots
|
| Vegas Golden Knights |
16 |
5 |
7 |
28 |
| Pittsburgh Penguins |
11 |
13 |
13 |
37 |
|
1st period
1. Pittsburgh Penguins , Mitchell Marner 1 (Leon Draisaitl 1, Pavel Buchnevich 1) at 4:43 (PP)
2. Vegas Golden Knights , Nikolaj Ehlers 1 (Sean Couturier 1) at 14:20 (PP)
Penalties :
Sean Monahan (VGK) for Cross-checking (Minor) at 3:20, Gabriel Vilardi (PIT) for Hooking (Minor) at 14:19, Travis Hamonic (VGK) for Slashing (Minor) at 17:35
2nd period
3. Pittsburgh Penguins , Jean-Gabriel Pageau 1 (Sam Reinhart 1, Erik Karlsson 1) at 6:34 (PP)
4. Pittsburgh Penguins , Anders Lee 2 (Sam Reinhart 2, Jean-Gabriel Pageau 3) at 13:37
Penalties :
Marc-Edouard Vlasic (VGK) for Roughing (Minor) at 6:21, Brian Dumoulin (PIT) for Hooking (Minor) at 14:40
3rd period
5. Pittsburgh Penguins , Phillip Danault 1 (Ryan Johansen 1) at 14:12
6. Vegas Golden Knights , Jordan Staal 1 (Roman Josi 3, Tyler Bertuzzi 1) at 17:20
Penalties :
Roman Josi (VGK) for Holding (Minor) at 0:44, Jonathan Drouin (VGK) for Hooking (Minor) at 3:41, Sean Couturier (VGK) for High sticking (Minor) at 14:35
Goalie Stats
Alexandar Georgiev (VGK), 33 saves from 37 shots - (0.892), L, 1-1-0, 60:00 minutes
Akira Schmid (PIT), 26 saves from 28 shots - (0.929), W, 1-1-0, 60:00 minutes
Players Stats for Vegas Golden Knights
Player Name G A P +/- PIM S H SB GA TA FO MP PP MP PK MP
------------------------------------------------------------------------------------
Alex Chiasson 0 0 0 -1 0 1 0 0 0 0 0/0 8:25 1:15 0:00
Chris Kreider 0 0 0 -1 0 5 1 0 3 0 1/2 18:01 1:05 0:48
Eric Staal 0 0 0 -1 0 0 0 0 0 0 3/7 11:26 0:00 4:48
Jack Roslovic 0 0 0 1 0 2 0 0 0 1 0/0 13:06 0:55 0:00
Joe Pavelski 0 0 0 -1 0 3 2 0 0 1 3/4 17:30 1:05 0:17
John Marino 0 0 0 0 0 0 0 2 0 2 0/0 19:48 0:00 4:54
Jonathan Drouin 0 0 0 -1 2 1 1 0 0 0 0/0 7:02 0:00 0:00
Jordan Staal 1 0 1 1 0 1 0 2 1 2 6/12 16:38 0:00 4:15
Marc Staal 0 0 0 0 0 2 1 1 0 0 0/0 19:39 0:00 4:38
Marc-Edouard Vlasic 0 0 0 0 2 0 0 0 0 1 0/0 16:54 0:00 4:25
Nikolaj Ehlers 1 0 1 0 0 4 0 0 2 0 0/0 13:40 0:55 0:00
Reilly Smith 0 0 0 0 0 0 0 0 1 0 1/1 15:21 1:05 1:22
Roman Josi 0 1 1 -1 2 1 2 2 0 1 0/0 22:27 0:45 0:21
Sean Couturier 0 1 1 0 2 1 3 0 0 0 8/16 18:18 0:55 3:43
Sean Monahan 0 0 0 -1 2 5 1 0 0 1 4/15 20:16 0:00 3:51
Shea Theodore 0 0 0 -1 0 0 3 2 1 1 0/0 22:32 1:15 1:07
Travis Hamonic 0 0 0 0 2 0 2 0 0 0 0/0 15:53 0:00 3:39
Tyler Bertuzzi 0 1 1 1 0 2 1 0 0 0 0/1 13:26 0:45 0:00
Players Stats for Pittsburgh Penguins
Player Name G A P +/- PIM S H SB GA TA FO MP PP MP PK MP
------------------------------------------------------------------------------------
Anders Lee 1 0 1 1 0 4 2 0 0 0 0/1 18:59 4:50 0:00
Brian Dumoulin 0 0 0 1 2 0 1 0 0 2 0/0 20:59 4:52 0:01
Colton Sissons 0 0 0 -1 0 0 2 0 1 1 6/8 7:05 0:00 0:00
Erik Gudbranson 0 0 0 0 0 0 1 0 0 1 0/0 14:40 0:00 0:00
Erik Karlsson 0 1 1 0 0 1 1 1 0 1 0/0 23:19 4:40 1:18
Gabriel Vilardi 0 0 0 -1 2 2 2 0 0 0 0/0 7:24 0:00 0:00
J.J. Moser 0 0 0 0 0 1 0 1 0 0 0/0 15:43 0:00 0:41
Jean-Gabriel Pageau 1 1 2 1 0 1 3 0 0 0 10/17 18:59 4:50 0:00
Jordan Eberle 0 0 0 -1 0 4 1 0 1 0 0/0 17:07 0:00 0:00
Leon Draisaitl 0 1 1 0 0 3 2 0 1 0 5/11 20:51 4:42 1:01
Mattias Ekholm 0 0 0 0 0 2 2 1 0 0 0/0 23:19 4:40 1:18
Mitchell Marner 1 0 1 0 0 3 2 0 1 0 1/2 20:51 4:42 1:01
Pavel Buchnevich 0 1 1 0 0 1 1 0 0 1 0/1 20:38 4:36 0:59
Phillip Danault 1 0 1 1 0 3 1 1 2 0 10/15 12:06 0:00 0:00
Ryan Johansen 0 1 1 1 0 7 2 1 1 0 0/1 11:46 0:00 0:00
Ryan Suter 0 0 0 1 0 2 1 1 1 1 0/0 22:01 4:52 0:42
Sam Reinhart 0 2 2 1 0 3 1 0 2 1 0/2 19:58 4:50 0:59
Tom Wilson 0 0 0 1 0 0 1 0 0 0 0/0 2:13 0:06 0:00
3 Stars
1 - Jean-Gabriel Pageau (PIT)
2 - Anders Lee (PIT)
3 - Phillip Danault (PIT)
Power Play
Vegas Golden Knights - 1 on 2 Attempt(s) - 50.00%
Pittsburgh Penguins - 2 on 6 Attempt(s) - 33.33%
Penalty Kill
Vegas Golden Knights - 4 on 6 Attempt(s) - 66.67%
- Score 0 goal in Penalty Kill
Pittsburgh Penguins - 1 on 2 Attempt(s) - 50.00%
- Score 0 goal in Penalty Kill
Team Stat
Vegas Golden Knights - Hits : 17 - Faceoff Wins : 26 - Blocked Shots : 9 - Penalty Minutes : 12
Pittsburgh Penguins - Hits : 26 - Faceoff Wins : 32 - Blocked Shots : 6 - Penalty Minutes : 4
Official
Referees : Wes McCauley and Chris Rooney
Linesman : Scott Driscoll and Mike Cvik
Game Notes
No Game Note
Finance
Level 1 -- Attendance: 5937 (98.95%) -- Ticket Income $593,700
Level 2 -- Attendance: 4173 (83.46%) -- Ticket Income $250,380
Level 3 -- Attendance: 2863 (95.43%) -- Ticket Income $100,205
Level 4 -- Attendance: 4201 (84.02%) -- Ticket Income $105,025
Luxury Box -- Attendance: 922 (92.20%) -- Ticket Income $184,400
Game was played at the Consol Energy Center.
Total Attendance: 18096 (90.48%)
Total Ticket Income: $1,233,710
Other Income: $431,798
Total Income: $1,665,508
Vegas Golden Knights
5 vs 5 Forward
Center Left Wing Right Wing Time % Phy DF OF
1 Sean Monahan Chris Kreider Joe Pavelski 35 1 2 2
2 Sean Couturier Nikolaj Ehlers Reilly Smith 30 1 2 2
3 Jordan Staal Tyler Bertuzzi Jack Roslovic 25 1 2 2
4 Eric Staal Jonathan Drouin Alex Chiasson 10 1 2 2
5 vs 5 Defense
Defense Defense Time % Phy DF OF
1 Roman Josi Shea Theodore 35 1 2 2
2 Marc Staal John Marino 30 1 2 2
3 Marc-Edouard Vlasic Travis Hamonic 25 1 2 2
4 Roman Josi Shea Theodore 10 1 2 2
PowerPlay Forward
Center Left Wing Right Wing Time % Phy DF OF
1 Joe Pavelski Chris Kreider Reilly Smith 50 1 2 2
2 Sean Couturier Nikolaj Ehlers Jack Roslovic 50 1 2 2
PowerPlay Defense
Defense Defense Time % Phy DF OF
1 Tyler Bertuzzi Roman Josi 50 1 2 2
2 Alex Chiasson Shea Theodore 50 1 2 2
Penalty Kill 4 Players Forward
Center Wing Time % Phy DF OF
1 Sean Couturier Sean Monahan 50 1 2 2
2 Eric Staal Jordan Staal 50 1 2 2
Penalty Kill 4 Players Defense
Defense Defense Time % Phy DF OF
1 John Marino Travis Hamonic 50 1 2 2
2 Marc-Edouard Vlasic Marc Staal 50 1 2 2
Penalty Kill - 3 Players Forward
Forward Time % Phy DF OF
1 Sean Couturier 50 1 2 2
2 Jordan Staal 50 1 2 2
Penalty Kill - 3 Players Defense
Defense Defense Time % Phy DF OF
1 John Marino Travis Hamonic 50 1 2 2
2 Eric Staal Marc Staal 50 1 2 2
4 vs 4 Forward
Center Wing Time % Phy DF OF
1 Joe Pavelski Chris Kreider 50 1 2 2
2 Jonathan Drouin Alex Chiasson 50 1 2 2
4 vs 4 Defense
Defense Defense Time % Phy DF OF
1 Roman Josi Shea Theodore 50 1 2 2
2 Marc-Edouard Vlasic John Marino 50 1 2 2
Last Minutes Offensive
Center Left Wing Right Wing Defense Defense
Joe Pavelski Chris Kreider Nikolaj Ehlers Roman Josi John Marino
Last Minutes Defensive
Center Left Wing Right Wing Defense Defense
Sean Couturier Jordan Staal Sean Monahan Marc Staal Travis Hamonic
Goaltenders
Starting : Alexandar Georgiev
Backup : Philipp Grubauer
Extra Forwards
Normal : Reilly Smith, Joe Pavelski, Chris Kreider - PP : Sean Monahan, Sean Couturier - PK : Reilly Smith
Extra Defensemen
Normal : John Marino, Roman Josi, Shea Theodore - PP : Marc Staal - PK : Shea Theodore, Roman Josi
Penalty Shots
Jack Roslovic, Sean Monahan, Joe Pavelski, Chris Kreider, Eric Staal
Pittsburgh Penguins
5 vs 5 Forward
Center Left Wing Right Wing Time % Phy DF OF
1 Leon Draisaitl Pavel Buchnevich Mitchell Marner 30 1 2 2
2 Jean-Gabriel Pageau Anders Lee Sam Reinhart 30 1 2 2
3 Phillip Danault Jordan Eberle Ryan Johansen 25 1 2 2
4 Colton Sissons Gabriel Vilardi Jordan Eberle 15 1 2 2
5 vs 5 Defense
Defense Defense Time % Phy DF OF
1 Erik Karlsson Mattias Ekholm 35 1 2 2
2 Ryan Suter Brian Dumoulin 35 1 2 2
3 Erik Gudbranson J.J. Moser 30 1 2 2
4 Erik Karlsson Mattias Ekholm 0 1 2 2
PowerPlay Forward
Center Left Wing Right Wing Time % Phy DF OF
1 Leon Draisaitl Pavel Buchnevich Mitchell Marner 50 1 2 2
2 Jean-Gabriel Pageau Anders Lee Sam Reinhart 50 1 2 2
PowerPlay Defense
Defense Defense Time % Phy DF OF
1 Erik Karlsson Mattias Ekholm 50 1 2 2
2 Ryan Suter Brian Dumoulin 50 1 2 2
Penalty Kill 4 Players Forward
Center Wing Time % Phy DF OF
1 Leon Draisaitl Mitchell Marner 50 1 2 2
2 Sam Reinhart Pavel Buchnevich 50 1 2 2
Penalty Kill 4 Players Defense
Defense Defense Time % Phy DF OF
1 Erik Karlsson Mattias Ekholm 50 1 2 2
2 Ryan Suter Brian Dumoulin 50 1 2 2
Penalty Kill - 3 Players Forward
Forward Time % Phy DF OF
1 Leon Draisaitl 50 1 2 2
2 Mitchell Marner 50 1 2 2
Penalty Kill - 3 Players Defense
Defense Defense Time % Phy DF OF
1 Erik Karlsson Mattias Ekholm 50 1 2 2
2 Ryan Suter Brian Dumoulin 50 1 2 2
4 vs 4 Forward
Center Wing Time % Phy DF OF
1 Leon Draisaitl Mitchell Marner 50 1 2 2
2 Sam Reinhart Pavel Buchnevich 50 1 2 2
4 vs 4 Defense
Defense Defense Time % Phy DF OF
1 Erik Karlsson Mattias Ekholm 50 1 2 2
2 Ryan Suter Brian Dumoulin 50 1 2 2
Last Minutes Offensive
Center Left Wing Right Wing Defense Defense
Leon Draisaitl Pavel Buchnevich Mitchell Marner Erik Karlsson Mattias Ekholm
Last Minutes Defensive
Center Left Wing Right Wing Defense Defense
Leon Draisaitl Pavel Buchnevich Mitchell Marner Erik Karlsson Mattias Ekholm
Goaltenders
Starting : Akira Schmid
Backup : Marc-Andre Fleury
Extra Forwards
Normal : Tom Wilson, Gabriel Vilardi, Phillip Danault - PP : Tom Wilson, Gabriel Vilardi - PK : Phillip Danault
Extra Defensemen
Normal : Erik Gudbranson, J.J. Moser, Ryan Suter - PP : Erik Gudbranson - PK : J.J. Moser, Ryan Suter
Penalty Shots
Leon Draisaitl, Mitchell Marner, Sam Reinhart, Pavel Buchnevich, Jean-Gabriel Pageau
% Time on Ice - Vegas Golden Knights
Lines # - Real PCT - Wanted PCT - Time Play
Normal Forward
1 - 35% - 35% - 17:02
2 - 26% - 30% - 12:39
3 - 25% - 25% - 12:09
4 - 14% - 10% - 6:38
Normal Defense
1 - 37% - 35% - 18:10
2 - 31% - 30% - 15:01
3 - 25% - 25% - 12:17
4 - 6% - 10% - 3:00
PP Forward
1 - 54% - 50% - 1:05
2 - 46% - 50% - 0:55
PP Defense
1 - 38% - 50% - 0:45
2 - 63% - 50% - 1:15
PK Forward
1 - 55% - 50% - 5:17
2 - 45% - 50% - 4:15
PK Defense
1 - 51% - 50% - 4:54
2 - 49% - 50% - 4:38
PK3 Forward
1 - 0% - 50%
2 - 0% - 50%
PK3 Defense
1 - 0% - 50%
2 - 0% - 50%
44 Forward
1 - 0% - 50%
2 - 0% - 50%
44 Defense
1 - 0% - 50%
2 - 0% - 50%
Last Minute Offensive - 0:00
Last Minute Defensive - 0:00
Total
Forward - 60:00
Defense - 60:00
|
% Time on Ice - Pittsburgh Penguins
Lines # - Real PCT - Wanted PCT - Time Play
Normal Forward
1 - 31% - 30% - 14:53
2 - 30% - 30% - 14:44
3 - 24% - 25% - 11:46
4 - 15% - 15% - 7:05
Normal Defense
1 - 35% - 35% - 16:59
2 - 34% - 35% - 16:27
3 - 30% - 30% - 14:40
4 - 1% - 0% - 0:22
PP Forward
1 - 49% - 50% - 4:42
2 - 51% - 50% - 4:50
PP Defense
1 - 49% - 50% - 4:40
2 - 51% - 50% - 4:52
PK Forward
1 - 51% - 50% - 1:01
2 - 49% - 50% - 0:59
PK Defense
1 - 65% - 50% - 1:18
2 - 35% - 50% - 0:42
PK3 Forward
1 - 0% - 50%
2 - 0% - 50%
PK3 Defense
1 - 0% - 50%
2 - 0% - 50%
44 Forward
1 - 0% - 50%
2 - 0% - 50%
44 Defense
1 - 0% - 50%
2 - 0% - 50%
Last Minute Offensive - 0:00
Last Minute Defensive - 0:00
Total
Forward - 60:00
Defense - 60:00
|
Play-by-Play
1st period
0:01 of 1st period - Sean Monahan wins face-off versus Mitchell Marner in neutral zone.
0:14 of 1st period - Snap shot by Leon Draisaitl.
0:14 of 1st period - Stopped by Alexandar Georgiev with a rebound.
0:16 of 1st period - Slapshot by Mattias Ekholm.
0:16 of 1st period - Stopped by Alexandar Georgiev with a rebound.
0:26 of 1st period - Mattias Ekholm is hit by Shea Theodore and loses puck.
1:15 of 1st period - Ryan Suter is hit by Travis Hamonic and loses puck.
2:03 of 1st period - Wrist shot by Anders Lee.
2:03 of 1st period - Shot Blocked by Jordan Staal.
2:09 of 1st period - Erik Karlsson is hit by Roman Josi and loses puck.
3:01 of 1st period - Marc-Edouard Vlasic is hit by Jean-Gabriel Pageau and loses puck.
3:20 of 1st period - Minor Penalty to Sean Monahan for Cross-checking.
3:21 of 1st period - Leon Draisaitl wins face-off versus Sean Couturier in Vegas Golden Knights zone.
3:48 of 1st period - Travis Hamonic is hit by Jean-Gabriel Pageau and loses puck.
4:14 of 1st period - Marc-Edouard Vlasic is hit by Jean-Gabriel Pageau.
4:18 of 1st period - Erik Karlsson is hit by Marc Staal and loses puck.
4:43 of 1st period - Snap shot by Mitchell Marner.
4:43 of 1st period - Goal by Mitchell Marner - Vegas Golden Knights : 0 - Pittsburgh Penguins : 1.
4:44 of 1st period - Sean Monahan wins face-off versus Phillip Danault in neutral zone.
5:01 of 1st period - Wrist shot by Chris Kreider.
5:01 of 1st period - Shot Blocked by J.J. Moser.
5:16 of 1st period - Wrist shot by Sean Monahan.
5:16 of 1st period - Shot Hit the Post.
5:50 of 1st period - Snap shot by Sean Monahan.
5:50 of 1st period - Shot Misses the Net.
5:58 of 1st period - Slapshot by Phillip Danault.
5:58 of 1st period - Stopped by Alexandar Georgiev with a rebound.
6:02 of 1st period - Snap shot by Phillip Danault.
6:02 of 1st period - Shot Misses the Net.
6:04 of 1st period - Slapshot by J.J. Moser.
6:04 of 1st period - Deflect By Jordan Eberle.
6:04 of 1st period - Stopped by Alexandar Georgiev with a rebound.
6:06 of 1st period - Snap shot by J.J. Moser.
6:06 of 1st period - Stopped by Alexandar Georgiev without a rebound.
6:07 of 1st period - Sean Couturier wins face-off versus Jean-Gabriel Pageau in Vegas Golden Knights zone.
7:22 of 1st period - Icing by Erik Karlsson.
7:23 of 1st period - Colton Sissons wins face-off versus Jordan Staal in Pittsburgh Penguins zone.
8:10 of 1st period - John Marino is hit by Colton Sissons and loses puck.
8:15 of 1st period - Snap shot by Gabriel Vilardi.
8:15 of 1st period - Stopped by Alexandar Georgiev without a rebound.
8:16 of 1st period - Jean-Gabriel Pageau wins face-off versus Sean Couturier in Vegas Golden Knights zone.
8:56 of 1st period - Snap shot by Chris Kreider.
8:56 of 1st period - Stopped by Akira Schmid with a rebound.
9:56 of 1st period - Icing by Erik Gudbranson.
9:57 of 1st period - Jean-Gabriel Pageau wins face-off versus Sean Monahan in Pittsburgh Penguins zone.
10:23 of 1st period - John Marino is hit by Mitchell Marner and loses puck.
10:47 of 1st period - Wrist shot by Jordan Eberle.
10:47 of 1st period - Shot Blocked by Jordan Staal.
10:49 of 1st period - Slapshot by Mattias Ekholm.
10:49 of 1st period - Shot Misses the Net.
11:11 of 1st period - Snap shot by Joe Pavelski.
11:11 of 1st period - Shot Blocked by Mattias Ekholm.
11:13 of 1st period - Wrist shot by Joe Pavelski.
11:13 of 1st period - Stopped by Akira Schmid without a rebound.
11:14 of 1st period - Leon Draisaitl wins face-off versus Sean Monahan in Pittsburgh Penguins zone.
12:08 of 1st period - Wrist shot by Jack Roslovic.
12:08 of 1st period - Stopped by Akira Schmid without a rebound.
12:09 of 1st period - Jordan Staal wins face-off versus Phillip Danault in Pittsburgh Penguins zone.
12:10 of 1st period - Wrist shot by Tyler Bertuzzi.
12:10 of 1st period - Stopped by Akira Schmid without a rebound.
12:11 of 1st period - Phillip Danault wins face-off versus Sean Couturier in Pittsburgh Penguins zone.
12:25 of 1st period - Slapshot by Reilly Smith.
12:25 of 1st period - Shot Blocked by Phillip Danault.
12:27 of 1st period - Slapshot by Marc-Edouard Vlasic.
12:27 of 1st period - Shot Misses the Net.
12:39 of 1st period - Snap shot by Joe Pavelski.
12:39 of 1st period - Deflect By Chris Kreider.
12:39 of 1st period - Stopped by Akira Schmid with a rebound.
13:26 of 1st period - Snap shot by Nikolaj Ehlers.
13:26 of 1st period - Stopped by Akira Schmid with a rebound.
13:34 of 1st period - Slapshot by Anders Lee.
13:34 of 1st period - Stopped by Alexandar Georgiev without a rebound.
13:35 of 1st period - Colton Sissons wins face-off versus Sean Monahan in Vegas Golden Knights zone.
13:42 of 1st period - Wrist shot by Sean Monahan.
13:42 of 1st period - Shot Misses the Net.
13:44 of 1st period - Snap shot by Marc Staal.
13:44 of 1st period - Stopped by Akira Schmid without a rebound.
13:45 of 1st period - Joe Pavelski wins face-off versus Colton Sissons in Pittsburgh Penguins zone.
13:50 of 1st period - Wrist shot by Chris Kreider.
13:50 of 1st period - Stopped by Akira Schmid with a rebound.
14:04 of 1st period - Wrist shot by Sean Monahan.
14:04 of 1st period - Stopped by Akira Schmid with a rebound.
14:06 of 1st period - Slapshot by Marc Staal.
14:06 of 1st period - Shot Blocked by Erik Karlsson.
14:08 of 1st period - Snap shot by Sean Monahan.
14:08 of 1st period - Stopped by Akira Schmid with a rebound.
14:10 of 1st period - Slapshot by Chris Kreider.
14:10 of 1st period - Deflect By Sean Monahan.
14:10 of 1st period - Stopped by Akira Schmid with a rebound.
14:19 of 1st period - Minor Penalty to Gabriel Vilardi for Hooking.
14:20 of 1st period - Sean Couturier wins face-off versus Leon Draisaitl in Pittsburgh Penguins zone.
14:20 of 1st period - Snap shot by Nikolaj Ehlers.
14:20 of 1st period - Goal by Nikolaj Ehlers - Vegas Golden Knights : 1 - Pittsburgh Penguins : 1.
14:21 of 1st period - Sean Couturier wins face-off versus Pavel Buchnevich in neutral zone.
14:28 of 1st period - Snap shot by Sean Couturier.
14:28 of 1st period - Stopped by Akira Schmid with a rebound.
14:36 of 1st period - Wrist shot by Leon Draisaitl.
14:36 of 1st period - Shot Blocked by Roman Josi.
14:38 of 1st period - Snap shot by Mitchell Marner.
14:38 of 1st period - Shot Blocked by Shea Theodore.
14:48 of 1st period - Sean Couturier is hit by Anders Lee and loses puck.
15:37 of 1st period - Slapshot by Chris Kreider.
15:37 of 1st period - Shot Misses the Net.
15:52 of 1st period - Icing by Mitchell Marner.
15:53 of 1st period - Eric Staal wins face-off versus Jean-Gabriel Pageau in Pittsburgh Penguins zone.
15:56 of 1st period - Snap shot by Jonathan Drouin.
15:56 of 1st period - Deflect By Alex Chiasson.
15:56 of 1st period - Stopped by Akira Schmid without a rebound.
15:57 of 1st period - Eric Staal wins face-off versus Jean-Gabriel Pageau in Pittsburgh Penguins zone.
16:12 of 1st period - Slapshot by Anders Lee.
16:12 of 1st period - Shot Misses the Net.
16:32 of 1st period - Wrist shot by Sam Reinhart.
16:32 of 1st period - Stopped by Alexandar Georgiev without a rebound.
16:33 of 1st period - Jordan Staal wins face-off versus Ryan Johansen in Vegas Golden Knights zone.
16:48 of 1st period - Snap shot by Jack Roslovic.
16:48 of 1st period - Stopped by Akira Schmid with a rebound.
16:58 of 1st period - Wrist shot by Reilly Smith.
16:58 of 1st period - Deflect By Nikolaj Ehlers.
16:58 of 1st period - Stopped by Akira Schmid with a rebound.
17:26 of 1st period - Snap shot by Jordan Eberle.
17:26 of 1st period - Stopped by Alexandar Georgiev without a rebound.
17:27 of 1st period - Jordan Staal wins face-off versus Anders Lee in Vegas Golden Knights zone.
17:35 of 1st period - Minor Penalty to Travis Hamonic for Slashing.
17:36 of 1st period - Leon Draisaitl wins face-off versus Eric Staal in Vegas Golden Knights zone.
18:26 of 1st period - Mattias Ekholm is hit by Sean Couturier and loses puck.
19:35 of 1st period - Penalty to Travis Hamonic is over, Travis Hamonic is back on ice.
19:43 of 1st period - Snap shot by Ryan Johansen.
19:43 of 1st period - Shot Blocked by John Marino.
19:45 of 1st period - Wrist shot by Jordan Eberle.
19:45 of 1st period - Shot Misses the Net.
19:47 of 1st period - Snap shot by Ryan Johansen.
19:47 of 1st period - Stopped by Alexandar Georgiev with a rebound.
Goals for this period are 1 for Vegas Golden Knights vs 1 for Pittsburgh Penguins.
Shots for this period are 16 for Vegas Golden Knights vs 11 for Pittsburgh Penguins.
2nd period
0:01 of 2nd period - Sean Monahan wins face-off versus Leon Draisaitl in neutral zone.
0:14 of 2nd period - Backhand shot by Pavel Buchnevich.
0:14 of 2nd period - Stopped by Alexandar Georgiev without a rebound.
0:15 of 2nd period - Phillip Danault wins face-off versus Jordan Staal in Vegas Golden Knights zone.
0:41 of 2nd period - Ryan Suter is hit by Shea Theodore and loses puck.
2:15 of 2nd period - Icing by Sean Couturier.
2:16 of 2nd period - Phillip Danault wins face-off versus Sean Couturier in Vegas Golden Knights zone.
2:19 of 2nd period - Snap shot by Erik Karlsson.
2:19 of 2nd period - Stopped by Alexandar Georgiev with a rebound.
2:25 of 2nd period - Snap shot by Phillip Danault.
2:25 of 2nd period - Shot Blocked by Marc Staal.
2:41 of 2nd period - Wrist shot by Nikolaj Ehlers.
2:41 of 2nd period - Shot Misses the Net.
2:51 of 2nd period - Wrist shot by Ryan Johansen.
2:51 of 2nd period - Stopped by Alexandar Georgiev without a rebound.
2:52 of 2nd period - Joe Pavelski wins face-off versus Leon Draisaitl in Vegas Golden Knights zone.
2:59 of 2nd period - Slapshot by Chris Kreider.
2:59 of 2nd period - Shot Misses the Net.
3:01 of 2nd period - Snap shot by Sean Monahan.
3:01 of 2nd period - Shot Blocked by Ryan Suter.
3:03 of 2nd period - Snap shot by Sean Monahan.
3:03 of 2nd period - Stopped by Akira Schmid with a rebound.
3:05 of 2nd period - Wrist shot by Joe Pavelski.
3:05 of 2nd period - Stopped by Akira Schmid without a rebound.
3:06 of 2nd period - Jean-Gabriel Pageau wins face-off versus Jordan Staal in Pittsburgh Penguins zone.
3:38 of 2nd period - Shea Theodore is hit by Leon Draisaitl and loses puck.
3:43 of 2nd period - Snap shot by Pavel Buchnevich.
3:43 of 2nd period - Shot Misses the Net.
3:45 of 2nd period - Snap shot by Brian Dumoulin.
3:45 of 2nd period - Shot Misses the Net.
3:47 of 2nd period - Slapshot by Ryan Suter.
3:47 of 2nd period - Deflect By Shea Theodore.
3:47 of 2nd period - Stopped by Alexandar Georgiev with a rebound.
3:49 of 2nd period - Snap shot by Pavel Buchnevich.
3:49 of 2nd period - Shot Misses the Net.
3:51 of 2nd period - Slapshot by Ryan Suter.
3:51 of 2nd period - Stopped by Alexandar Georgiev without a rebound.
3:52 of 2nd period - Sean Couturier wins face-off versus Phillip Danault in Vegas Golden Knights zone.
3:59 of 2nd period - Jordan Eberle is hit by Sean Couturier and loses puck.
4:08 of 2nd period - Snap shot by Reilly Smith.
4:08 of 2nd period - Deflect By J.J. Moser.
4:08 of 2nd period - Shot Blocked by Ryan Johansen.
4:08 of 2nd period - Puck is out of play.
4:09 of 2nd period - Leon Draisaitl wins face-off versus Sean Monahan in Pittsburgh Penguins zone.
4:45 of 2nd period - Snap shot by Nikolaj Ehlers.
4:45 of 2nd period - Shot Misses the Net.
4:47 of 2nd period - Snap shot by Sean Couturier.
4:47 of 2nd period - Shot Misses the Net.
5:11 of 2nd period - Roman Josi is hit by Pavel Buchnevich and loses puck.
5:22 of 2nd period - Slapshot by Nikolaj Ehlers.
5:22 of 2nd period - Shot Misses the Net.
5:46 of 2nd period - Snap shot by Nikolaj Ehlers.
5:46 of 2nd period - Deflect By Sean Couturier.
5:46 of 2nd period - Shot Misses the Net.
5:46 of 2nd period - Puck is out of play.
5:47 of 2nd period - Jean-Gabriel Pageau wins face-off versus Sean Monahan in Pittsburgh Penguins zone.
5:47 of 2nd period - Jean-Gabriel Pageau is hit by Joe Pavelski.
5:53 of 2nd period - Sean Monahan is hit by Erik Karlsson and loses puck.
6:04 of 2nd period - Snap shot by Sam Reinhart.
6:04 of 2nd period - Stopped by Alexandar Georgiev with a rebound.
6:21 of 2nd period - Minor Penalty to Marc-Edouard Vlasic for Roughing.
6:22 of 2nd period - Eric Staal wins face-off versus Jean-Gabriel Pageau in Vegas Golden Knights zone.
6:34 of 2nd period - Wrist shot by Jean-Gabriel Pageau.
6:34 of 2nd period - Goal by Jean-Gabriel Pageau - Vegas Golden Knights : 1 - Pittsburgh Penguins : 2.
6:35 of 2nd period - Chris Kreider wins face-off versus Jean-Gabriel Pageau in neutral zone.
6:46 of 2nd period - Slapshot by Sam Reinhart.
6:46 of 2nd period - Shot Misses the Net.
6:54 of 2nd period - J.J. Moser is hit by Sean Monahan and loses puck.
7:56 of 2nd period - Jonathan Drouin is hit by Colton Sissons and loses puck.
8:27 of 2nd period - Jordan Staal is hit by Mitchell Marner and loses puck.
9:34 of 2nd period - Tyler Bertuzzi is hit by Ryan Suter and loses puck.
10:11 of 2nd period - Alex Chiasson is hit by Gabriel Vilardi and loses puck.
10:18 of 2nd period - Erik Gudbranson is hit by Jonathan Drouin and loses puck.
10:54 of 2nd period - Wrist shot by Chris Kreider.
10:54 of 2nd period - Stopped by Akira Schmid without a rebound.
10:55 of 2nd period - Jordan Staal wins face-off versus Leon Draisaitl in Pittsburgh Penguins zone.
11:08 of 2nd period - Snap shot by Mitchell Marner.
11:08 of 2nd period - Stopped by Alexandar Georgiev without a rebound.
11:09 of 2nd period - Phillip Danault wins face-off versus Sean Monahan in Vegas Golden Knights zone.
11:34 of 2nd period - Jack Roslovic is hit by Anders Lee and loses puck.
11:57 of 2nd period - Mitchell Marner is hit by Sean Couturier.
12:19 of 2nd period - Slapshot by Roman Josi.
12:19 of 2nd period - Shot Misses the Net.
12:21 of 2nd period - Wrist shot by Chris Kreider.
12:21 of 2nd period - Stopped by Akira Schmid without a rebound.
12:22 of 2nd period - Phillip Danault wins face-off versus Sean Monahan in Pittsburgh Penguins zone.
12:57 of 2nd period - Wrist shot by Tyler Bertuzzi.
12:57 of 2nd period - Shot Misses the Net.
12:59 of 2nd period - Slapshot by Marc Staal.
12:59 of 2nd period - Stopped by Akira Schmid without a rebound.
13:00 of 2nd period - Sean Couturier wins face-off versus Phillip Danault in Pittsburgh Penguins zone.
13:13 of 2nd period - Slapshot by Ryan Johansen.
13:13 of 2nd period - Shot Blocked by Roman Josi.
13:15 of 2nd period - Slapshot by Phillip Danault.
13:15 of 2nd period - Shot Blocked by Shea Theodore.
13:29 of 2nd period - Slapshot by Sam Reinhart.
13:29 of 2nd period - Deflect By Anders Lee.
13:29 of 2nd period - Stopped by Alexandar Georgiev without a rebound.
13:30 of 2nd period - Jean-Gabriel Pageau wins face-off versus Sean Monahan in Vegas Golden Knights zone.
13:37 of 2nd period - Slapshot by Sam Reinhart.
13:37 of 2nd period - Deflect By Anders Lee.
13:37 of 2nd period - Goal by Anders Lee - Vegas Golden Knights : 1 - Pittsburgh Penguins : 3.
13:38 of 2nd period - Colton Sissons wins face-off versus Chris Kreider in neutral zone.
13:49 of 2nd period - Wrist shot by Jordan Eberle.
13:49 of 2nd period - Stopped by Alexandar Georgiev with a rebound.
13:51 of 2nd period - Snap shot by Jordan Eberle.
13:51 of 2nd period - Stopped by Alexandar Georgiev with a rebound.
13:53 of 2nd period - Backhand shot by Gabriel Vilardi.
13:53 of 2nd period - Stopped by Alexandar Georgiev with a rebound.
14:12 of 2nd period - Snap shot by Jack Roslovic.
14:12 of 2nd period - Shot Misses the Net.
14:40 of 2nd period - Minor Penalty to Brian Dumoulin for Hooking.
14:41 of 2nd period - Joe Pavelski wins face-off versus Sam Reinhart in Pittsburgh Penguins zone.
15:59 of 2nd period - Icing by Jack Roslovic.
16:00 of 2nd period - Sean Couturier wins face-off versus Sam Reinhart in Vegas Golden Knights zone.
16:40 of 2nd period - Penalty to Brian Dumoulin is over, Brian Dumoulin is back on ice.
17:18 of 2nd period - Travis Hamonic is hit by Jordan Eberle and loses puck.
17:37 of 2nd period - Ryan Suter is hit by Tyler Bertuzzi and loses puck.
18:03 of 2nd period - Marc Staal is hit by Phillip Danault and loses puck.
18:20 of 2nd period - Slapshot by Jack Roslovic.
18:20 of 2nd period - Shot Misses the Net.
Goals for this period are 0 for Vegas Golden Knights vs 2 for Pittsburgh Penguins.
Shots for this period are 5 for Vegas Golden Knights vs 13 for Pittsburgh Penguins.
3rd period
0:01 of 3rd period - Phillip Danault wins face-off versus Sean Monahan in neutral zone.
0:08 of 3rd period - Snap shot by Ryan Johansen.
0:08 of 3rd period - Stopped by Alexandar Georgiev without a rebound.
0:09 of 3rd period - Phillip Danault wins face-off versus Joe Pavelski in Vegas Golden Knights zone.
0:16 of 3rd period - Snap shot by Phillip Danault.
0:16 of 3rd period - Deflect By Jordan Eberle.
0:16 of 3rd period - Shot Misses the Net.
0:16 of 3rd period - Puck is out of play.
0:17 of 3rd period - Sean Monahan wins face-off versus Jean-Gabriel Pageau in Vegas Golden Knights zone.
0:24 of 3rd period - Anders Lee is hit by Shea Theodore and loses puck.
0:44 of 3rd period - Minor Penalty to Roman Josi for Holding.
0:45 of 3rd period - Mitchell Marner wins face-off versus Sean Monahan in Vegas Golden Knights zone.
1:03 of 3rd period - Off-side.
1:04 of 3rd period - Jean-Gabriel Pageau wins face-off versus Eric Staal in neutral zone.
1:09 of 3rd period - Slapshot by Mattias Ekholm.
1:09 of 3rd period - Stopped by Alexandar Georgiev without a rebound.
1:10 of 3rd period - Sean Couturier wins face-off versus Jean-Gabriel Pageau in Vegas Golden Knights zone.
2:44 of 3rd period - Penalty to Roman Josi is over, Roman Josi is back on ice.
2:58 of 3rd period - Snap shot by Roman Josi.
2:58 of 3rd period - Stopped by Akira Schmid without a rebound.
2:59 of 3rd period - Colton Sissons wins face-off versus Jordan Staal in Pittsburgh Penguins zone.
3:24 of 3rd period - Eric Staal is hit by Erik Gudbranson and loses puck.
3:41 of 3rd period - Minor Penalty to Jonathan Drouin for Hooking.
3:42 of 3rd period - Sean Couturier wins face-off versus Leon Draisaitl in Vegas Golden Knights zone.
3:55 of 3rd period - Snap shot by Leon Draisaitl.
3:55 of 3rd period - Stopped by Alexandar Georgiev with a rebound.
3:57 of 3rd period - Snap shot by Mitchell Marner.
3:57 of 3rd period - Stopped by Alexandar Georgiev with a rebound.
3:59 of 3rd period - Wrist shot by Leon Draisaitl.
3:59 of 3rd period - Shot Blocked by John Marino.
4:15 of 3rd period - Snap shot by Sam Reinhart.
4:15 of 3rd period - Stopped by Alexandar Georgiev without a rebound.
4:16 of 3rd period - Jean-Gabriel Pageau wins face-off versus Sean Couturier in Vegas Golden Knights zone.
4:21 of 3rd period - Wrist shot by Anders Lee.
4:21 of 3rd period - Stopped by Alexandar Georgiev without a rebound.
4:22 of 3rd period - Jean-Gabriel Pageau wins face-off versus Sean Couturier in Vegas Golden Knights zone.
5:41 of 3rd period - Penalty to Jonathan Drouin is over, Jonathan Drouin is back on ice.
5:57 of 3rd period - Snap shot by Sean Monahan.
5:57 of 3rd period - Deflect By Jonathan Drouin.
5:57 of 3rd period - Stopped by Akira Schmid with a rebound.
6:05 of 3rd period - Snap shot by Sean Monahan.
6:05 of 3rd period - Stopped by Akira Schmid without a rebound.
6:06 of 3rd period - Colton Sissons wins face-off versus Jordan Staal in Pittsburgh Penguins zone.
6:15 of 3rd period - Tyler Bertuzzi is hit by Gabriel Vilardi and loses puck.
6:34 of 3rd period - Wrist shot by Leon Draisaitl.
6:34 of 3rd period - Stopped by Alexandar Georgiev with a rebound.
7:02 of 3rd period - Wrist shot by Jonathan Drouin.
7:02 of 3rd period - Shot Misses the Net.
7:24 of 3rd period - Wrist shot by Phillip Danault.
7:24 of 3rd period - Stopped by Alexandar Georgiev without a rebound.
7:25 of 3rd period - Leon Draisaitl wins face-off versus Sean Monahan in Vegas Golden Knights zone.
8:18 of 3rd period - Sean Monahan is hit by Mattias Ekholm and loses puck.
9:12 of 3rd period - Leon Draisaitl is hit by Chris Kreider.
9:22 of 3rd period - Backhand shot by Chris Kreider.
9:22 of 3rd period - Deflect By Joe Pavelski.
9:22 of 3rd period - Stopped by Akira Schmid with a rebound.
9:40 of 3rd period - John Marino is hit by Mattias Ekholm and loses puck.
10:04 of 3rd period - Off-side.
10:05 of 3rd period - Jean-Gabriel Pageau wins face-off versus Sean Couturier in neutral zone.
10:32 of 3rd period - Jordan Staal is hit by Ryan Johansen and loses puck.
10:39 of 3rd period - Snap shot by Ryan Johansen.
10:39 of 3rd period - Shot Misses the Net.
12:36 of 3rd period - Tyler Bertuzzi is hit by Brian Dumoulin and loses puck.
12:55 of 3rd period - Jordan Eberle is hit by Roman Josi and loses puck.
13:09 of 3rd period - Icing by Colton Sissons.
13:10 of 3rd period - Jordan Staal wins face-off versus Colton Sissons in Pittsburgh Penguins zone.
13:47 of 3rd period - Anders Lee is hit by Travis Hamonic and loses puck.
14:00 of 3rd period - Wrist shot by Ryan Johansen.
14:00 of 3rd period - Stopped by Alexandar Georgiev without a rebound.
14:01 of 3rd period - Phillip Danault wins face-off versus Eric Staal in Vegas Golden Knights zone.
14:02 of 3rd period - Slapshot by Ryan Johansen.
14:02 of 3rd period - Stopped by Alexandar Georgiev without a rebound.
14:03 of 3rd period - Phillip Danault wins face-off versus Eric Staal in Vegas Golden Knights zone.
14:10 of 3rd period - Snap shot by Ryan Johansen.
14:10 of 3rd period - Stopped by Alexandar Georgiev with a rebound.
14:12 of 3rd period - Slapshot by Phillip Danault.
14:12 of 3rd period - Goal by Phillip Danault - Vegas Golden Knights : 1 - Pittsburgh Penguins : 4.
14:13 of 3rd period - Jean-Gabriel Pageau wins face-off versus Sean Couturier in neutral zone.
14:18 of 3rd period - Nikolaj Ehlers is hit by Sam Reinhart and loses puck.
14:35 of 3rd period - Minor Penalty to Sean Couturier for High sticking.
14:36 of 3rd period - Reilly Smith wins face-off versus Leon Draisaitl in Vegas Golden Knights zone.
14:36 of 3rd period - Reilly Smith is hit by Leon Draisaitl.
16:35 of 3rd period - Penalty to Sean Couturier is over, Sean Couturier is back on ice.
16:43 of 3rd period - Sean Couturier is hit by Ryan Johansen and loses puck.
16:50 of 3rd period - Snap shot by Ryan Johansen.
16:50 of 3rd period - Stopped by Alexandar Georgiev with a rebound.
17:04 of 3rd period - Wrist shot by Tyler Bertuzzi.
17:04 of 3rd period - Stopped by Akira Schmid without a rebound.
17:05 of 3rd period - Colton Sissons wins face-off versus Jordan Staal in Pittsburgh Penguins zone.
17:16 of 3rd period - Snap shot by Tyler Bertuzzi.
17:16 of 3rd period - Shot Misses the Net.
17:18 of 3rd period - Snap shot by Roman Josi.
17:18 of 3rd period - Shot Misses the Net.
17:20 of 3rd period - Wrist shot by Jordan Staal.
17:20 of 3rd period - Goal by Jordan Staal - Vegas Golden Knights : 2 - Pittsburgh Penguins : 4.
17:21 of 3rd period - Phillip Danault wins face-off versus Tyler Bertuzzi in neutral zone.
17:50 of 3rd period - Wrist shot by Pavel Buchnevich.
17:50 of 3rd period - Shot Misses the Net.
18:18 of 3rd period - Snap shot by Nikolaj Ehlers.
18:18 of 3rd period - Stopped by Akira Schmid without a rebound.
18:19 of 3rd period - Jordan Staal wins face-off versus Phillip Danault in Pittsburgh Penguins zone.
18:57 of 3rd period - Snap shot by Jean-Gabriel Pageau.
18:57 of 3rd period - Shot Misses the Net.
19:11 of 3rd period - Erik Karlsson is hit by Joe Pavelski and loses puck.
19:30 of 3rd period - Joe Pavelski is hit by Tom Wilson and loses puck.
Goals for this period are 1 for Vegas Golden Knights vs 1 for Pittsburgh Penguins.
Shots for this period are 7 for Vegas Golden Knights vs 13 for Pittsburgh Penguins.
Back to the Top